 Dungeon Sprint DCSS version 0.28.0-53-g5a82cb258f (webtiles) character file.

Game seed: 1351370483331698095

5387 Zeld the Severer (level 10, -16/153 HPs)
             Began as a Minotaur Berserker on June 16, 2022.
             Was a High Priest of Trog.
             Demolished by Agnes
             ... wielding a +4 lajatang of pain
              (38 damage)
             ... in the Dungeon (Sprint IV: "Fedhas' Mad Dash").
             The game lasted 00:04:25 (7026 turns).

Zeld the Severer (Minotaur Berserker)               Turns: 7026, Time: 00:04:26

Health: -16/153    AC:  3    Str: 27    XL:     10   Next: 39%
Magic:  9/9        EV: 15    Int:  4    God:    Trog [*****.]
Gold:   110        SH:  0    Dex:  9    Spells: 9/9 levels left

rFire   . . .      SeeInvis .   a - +2 battleaxe (flame)
rCold   + . .      Faith    .   (shield currently unavailable)
rNeg    . . .      Spirit   .   b - +0 animal skin
rPois   .          Reflect  .   (helmet restricted)
rElec   .          Harm     .   (no cloak)
rCorr   .          Rampage  .   (no gloves)
Will    .....      NoTele   +   (no boots)
Stlth   ..........              j - amulet of invisibility {+Inv}
HPRegen 0.35/turn               i - ring of protection from cold
MPRegen 0.11/turn               (no ring)

@: berserking, very quick
A: horns 2, retaliatory headbutt
a: Renounce Religion, Evoke Invisibility, Berserk, Trog's Hand, Brothers in Arms


You were in the Dungeon.
You worshipped Trog.
Trog was extremely pleased with you.
You visited 1 branch You collected 222 gold pieces.
You spent 112 gold pieces at shops.

Inventory:

Hand Weapons
 a - a +2 battleaxe of flaming (weapon)
Armour
 b - a +0 animal skin (worn)
Jewellery
 i - a ring of protection from cold (left hand)
 j - the amulet of invisibility (around neck) {+Inv}
   (You found it in the Dungeon)

   [amulet of nothing]

   +Inv:      It lets you turn invisible.
Wands
 k - a wand of polymorph (10)
 o - a wand of flame (13)
Potions
 c - 3 potions of curing
 d - 2 potions of heal wounds
 e - a potion of haste
 f - 2 potions of magic
 g - a potion of berserk rage
 m - a potion of attraction {unknown}
 n - a potion of brilliance {unknown}
Miscellaneous
 h - a lightning rod (4/4)
 l - a phantom mirror


   Skills:
 + Level 13.8 Fighting
 * Level 18.7 Axes
 + Level 13.6 Armour
 + Level 12.5 Dodging


You had 9 spell levels left.
You didn't know any spells.
Your spell library was empty.

Dungeon Overview and Level Annotations

Branches:
Dungeon (1/1)

Altars:
Cheibriados
Dithmenos
Elyvilon
Gozag
Hepliaklqana
Kikubaaqudgha
Makhleb
Nemelex Xobeh
Okawaru
Qazlal
Ru
Sif Muna
Trog
Uskayaw
Vehumet
Wu Jian
Xom
Yredelemnul
Zin
The Shining One
Beogh
Jiyva
Lugonu

Shops:
D (*?!:(

Annotations:
D Agnes


Innate Abilities, Weirdness & Mutations

You have a pair of horns on your head.
You reflexively headbutt those who attack you in melee.


Message History

You closely miss Agnes.
Agnes is moderately wounded.
Agnes hits you with a +4 lajatang of pain!
You writhe in agony.
You barely miss Agnes.
Agnes is moderately wounded.
Agnes barely misses you.
Unknown command.
You miss Agnes. Your headbutt misses Agnes.
Agnes is moderately wounded.
Agnes hits you with a +4 lajatang of pain!
You writhe in agony.
You miss Agnes. Your headbutt misses Agnes.
Agnes is moderately wounded.
Agnes barely misses you. You furiously retaliate!
You headbutt Agnes! You miss Agnes. Your headbutt misses Agnes.
Agnes is moderately wounded.
Agnes hits you with a +4 lajatang of pain!!!
* * * LOW HITPOINT WARNING * * *
You writhe in agony.
* * * LOW HITPOINT WARNING * * *
Unknown command.
You slash Agnes! You burn Agnes.
Agnes is heavily wounded.
Agnes hits you with a +4 lajatang of pain!
* * * LOW HITPOINT WARNING * * *
You writhe in agony.
* * * LOW HITPOINT WARNING * * *
Unknown command.
You slash Agnes! You burn Agnes.
Agnes is severely wounded.
Unknown command.
You hit Agnes. You burn Agnes.
Agnes is severely wounded.
Agnes barely misses you.
Unknown command.
You miss Agnes.
Agnes is severely wounded.
Agnes hits you with a +4 lajatang of pain!!!
You die...

...#.⌠._._._._.⌠.#.()...#....##∩#
...'.._._._._._..'..#...#....').#
...#..._._._._...#..###'##...##∩#
#'##.._._._._._..#..##∩∩.'...####
...#._._._._._.⌠.################
...###################....).###..
####♣♣♣♣♣)=♣.###.'.['......['))..
..'......♣).♣##:i#..#....)..#####
..#♣..♣♣♣.♣..###@##'##.P....#
..#.♣♣.:♣...♣'...# i♣########
################## .. i.♣ ...
.... ####


You could see Agnes.

Vanquished Creatures
  A spriggan druid (D)
  6 oklob plants (D)
  A demonic crawler (D)
  A queen bee (D)
  3 burning bushes (D)
  A hornet (D)
  3 wandering mushrooms (D)
  3 scorpions (D)
  4 killer bees (D)
  5 oklob saplings (D)
  5 spriggans (D)
  A river rat (D)
  A rat (D)
  A ballistomycete spore (D)
36 creatures vanquished.

Vanquished Creatures (others)
  A fungus (D)
1 creature vanquished.

Grand Total: 37 creatures vanquished

Notes
Turn   | Place    | Note
-------+----------+-------------------------------------------
     0 | D        | Zeld the Minotaur Berserker began the quest for the Orb.
     0 | D        | Reached XP level 1. HP: 19/19 MP: 0/0
     9 | D        | Reached skill level 4 in Axes
     9 | D        | Reached XP level 2. HP: 27/27 MP: 1/1
   351 | D        | Noticed an oklob sapling
   356 | D        | Killed an oklob sapling
   356 | D        | Reached ** piety under Trog
   357 | D        | Reached skill level 6 in Axes
   357 | D        | Reached XP level 3. HP: 19/35 MP: 2/2
   684 | D        | Noticed a scorpion
   684 | D        | Found the amulet of invisibility {+Inv}
   687 | D        | Killed a scorpion
   688 | D        | Reached skill level 5 in Fighting
   688 | D        | Reached skill level 7 in Axes
   688 | D        | Reached skill level 5 in Armour
   688 | D        | Reached XP level 4. HP: 44/44 MP: 3/3
   869 | D        | Reached skill level 8 in Axes
   869 | D        | Reached skill level 5 in Dodging
   918 | D        | Found an opulent altar of Gozag.
   918 | D        | Found a hazy altar of Hepliaklqana.
   918 | D        | Found a snail-covered altar of Cheibriados.
   919 | D        | Found a viscous altar of Jiyva.
   919 | D        | Found a burning altar of Makhleb.
   919 | D        | Found a sparkling altar of Nemelex Xobeh.
   919 | D        | Found a sacrificial altar of Ru.
   919 | D        | Found a shimmering blue altar of Sif Muna.
   919 | D        | Found a bloodstained altar of Trog.
   919 | D        | Found an ornate altar of the Wu Jian Council.
   919 | D        | Found a shimmering altar of Xom.
   919 | D        | Found a basalt altar of Yredelemnul.
   920 | D        | Found an iron altar of Okawaru.
   920 | D        | Found a shadowy altar of Dithmenos.
   920 | D        | Found a glowing silver altar of Zin.
   921 | D        | Found an ancient bone altar of Kikubaaqudgha.
   921 | D        | Found a hide-covered altar of Uskayaw.
   922 | D        | Found a stormy altar of Qazlal.
   922 | D        | Found a white marble altar of Elyvilon.
   922 | D        | Found a glowing golden altar of the Shining One.
   923 | D        | Found a corrupted altar of Lugonu.
   923 | D        | Found a radiant altar of Vehumet.
   930 | D        | Reached skill level 9 in Axes
   930 | D        | Reached XP level 5. HP: 51/51 MP: 2/4
  1036 | D        | Reached *** piety under Trog
  1037 | D        | Reached skill level 10 in Axes
  1037 | D        | Reached XP level 6. HP: 60/60 MP: 5/5
  1170 | D        | Found Kiep's General Store.
  1170 | D        | Found Hettarul's Antique Weapon Emporium.
  1270 | D        | Noticed a burning bush
  1270 | D        | Noticed a wandering mushroom
  1272 | D        | Noticed a wandering mushroom
  1280 | D        | Reached skill level 11 in Axes
  1639 | D        | Killed a wandering mushroom
  1639 | D        | Reached **** piety under Trog
  1640 | D        | Reached skill level 12 in Axes
  1640 | D        | Reached XP level 7. HP: 61/69 MP: 3/6
  2069 | D        | Killed a wandering mushroom
  2078 | D        | Killed a burning bush
  2079 | D        | Reached skill level 13 in Axes
  2081 | D        | Found Lidybb's Distillery.
  2081 | D        | Found Ithidihu's Magic Scroll Shoppe.
  2092 | D        | Bought a potion of curing for 42 gold pieces
  2092 | D        | Bought a potion of heal wounds for 70 gold pieces
  2284 | D        | Noticed a queen bee
  2293 | D        | Killed a queen bee
  2294 | D        | Reached skill level 10 in Fighting
  2294 | D        | Reached XP level 8. HP: 79/79 MP: 4/7
  2297 | D        | Reached skill level 10 in Armour
  2298 | D        | Reached skill level 14 in Axes
  2303 | D        | Reached ***** piety under Trog
  2387 | D        | Noticed an oklob plant
  2396 | D        | Killed an oklob plant
  2397 | D        | Reached skill level 15 in Axes
  2760 | D        | Noticed a burning bush
  2772 | D        | Killed a burning bush
  2773 | D        | Reached skill level 10 in Dodging
  2808 | D        | Noticed a burning bush
  2808 | D        | Noticed an oklob plant
  2808 | D        | Noticed a wandering mushroom
  2815 | D        | Killed a burning bush
  2816 | D        | Reached XP level 9. HP: 79/89 MP: 8/8
  3166 | D        | Killed a wandering mushroom
  3167 | D        | Reached skill level 16 in Axes
  3541 | D        | Killed an oklob plant
  3990 | D        | Noticed a spriggan druid
  3998 | D        | Killed a spriggan druid
  3998 | D        | Received a gift from Trog
  3999 | D        | Reached skill level 17 in Axes
  4739 | D        | Noticed an oklob plant conjurer
  4741 | D        | Killed an oklob plant conjurer
  5016 | D        | Noticed an oklob plant
  5016 | D        | Noticed an oklob plant summoner
  5017 | D        | Noticed an oklob plant shifter
  6017 | D        | Killed an oklob plant
  6018 | D        | Reached XP level 10. HP: 101/101 MP: 7/9
  6072 | D        | Killed an oklob plant summoner
  6073 | D        | Killed an oklob plant shifter
  6073 | D        | Received a gift from Trog
  6074 | D        | Reached skill level 18 in Axes
  6405 | D        | Noticed a spriggan rider
  6425 | D        | Found Yluseh's Book Emporium.
  6871 | D        | Found Sikuzurph's Antique Weapon Shoppe.
  6987 | D        | Identified the amulet of Awe {RegenMP rN+ Str+3}
  7012 | D        | Noticed Agnes
  7026 | D        | Demolished by Agnes

Illustrated notes

Levels and vault maps discovered:
D:        dungeon_sprint_fedhas [sprint_temple]

Skill      XL: |  1  2  3  4  5  6  7  8  9 10 |
---------------+-------------------------------+-----
Fighting       | 4 5 6 7 8 10 11 13 | 13.8
Axes           | 4 6 7 9 10 12 13 15 17 18 | 18.7
Armour         | 3 4 5 6 7 8 9 11 12 13 | 13.6
Dodging        | 3 4 5 6 7 9 10 11 12 | 12.5

Action                   |  1- 3 |  4- 6 |  7- 9 | 10-12 || total
-------------------------+-------+-------+-------+-------++-------
Melee: Hand axe          |     7 |    22 |    97 |     6 ||   132
       Headbutt          |     1 |     9 |    31 |     1 ||    42
       Punch             |       |       |     3 |       ||     3
       Battleaxe         |       |       |       |    33 ||    33
Invok: Berserk           |     3 |     4 |    10 |     3 ||    20
 Abil: Evoke Invisibilit |       |     5 |    10 |     1 ||    16
  Use: Scroll            |       |       |     1 |       ||     1
 Stab: Invisible         |       |     1 |    16 |     3 ||    20
       Sleeping          |       |       |     2 |       ||     2
Armor: Animal skin       |     1 |     1 |     1 |       ||     3
Dodge: Dodged            |     3 |    12 |    25 |    12 ||    52
